 Dungeon Crawl Stone Soup version 0.31-a0-889-g1a8549509d (webtiles) character file.

Game seed: 3226435457548703140

89 Gergoth the Gusty (level 4, -6/35 HPs)
             Began as a Demigod Air Elementalist on Oct 16, 2023.
             Mangled by a gnoll
             ... wielding a +0 halberd
             ... led by a gnoll bouda
              (12 damage)
             ... on level 3 of the Dungeon.
             The game lasted 00:04:46 (2424 turns).

Gergoth the Gusty (Demigod Air Elementalist)        Turns: 2424, Time: 00:04:47

Health: -6/35      AC:  3    Str:  9    XL:     4   Next: 10%
Magic:  10/10      EV: 12    Int: 21    God:
Gold:   69         SH:  0    Dex: 14    Spells: 6/7 levels left

rFire   . . .        d - +0 dagger (elec)
rCold   . . .        (no shield)
rNeg    . . .        a - +0 robe
rPois   .            (no helmet)
rElec   .            (no cloak)
rCorr   .            k - +0 pair of gloves
SInv    .            (no boots)
Will    .....        (no amulet)
Stlth   ++           (no ring)
HPRegen 0.25/turn    (no ring)
MPRegen 0.12/turn

%: no passive effects
@: no status effects
A: high MP 1, forlorn, divine attributes
a: no special abilities


You were on level 3 of the Dungeon.
You visited 1 branch of the dungeon, and saw 3 of its levels.

You collected 69 gold pieces.

Inventory:

Hand Weapons
 d - a +0 dagger of electrocution (weapon)
Armour
 a - a +0 robe (worn)
 h - a +0 tower shield
 k - a +0 pair of gloves (worn)
Wands
 m - a wand of mindburst (8)
Potions
 b - 2 potions of magic
 c - 3 potions of brilliance
 f - a potion of enlightenment {unknown}
 i - a potion of lignification {unknown}
 j - a potion of heal wounds {unknown}


   Skills:
 + Level 1.0 Fighting
 + Level 0.9 Armour
 + Level 2.2 Dodging
 - Level 2.0 Stealth
 + Level 0.6 Shields
 + Level 2.2 Spellcasting
 + Level 1.5 Conjurations
 + Level 3.1 Air Magic


You had 6 spell levels left.
You knew the following spells:

 Your Spells              Type           Power      Damage    Failure   Level
a - Shock                 Conj/Air       48%        1d6       5%          1

Your spell library contained the following spells:

 Spells                   Type           Power      Damage    Failure   Level
 Static Discharge         Conj/Air       24%        2-3/arc   9%          2
 Swiftness                Air            15%        N/A       12%         3
 Airstrike                Air            7%         2d(2-18)  36%         4


Dungeon Overview and Level Annotations

Branches:
Dungeon (3/15)


Innate Abilities, Weirdness & Mutations

You have an increased reservoir of magic. (+10% MP)
You shall have no god before yourself.
Your divine heritage dramatically boosts your attributes as you level up.


Message History

You feel sick.
Your Fighting skill increases to level 1!
You have reached level 4!
You feel sick.
You feel sick.
You feel sick.
Casting: Shock (safe; 5% risk of failure)
Confirm with . or Enter, or press ? or * to list all spells.
Aiming: Shock (safe; 5% risk of failure)
Press: ? - help, Shift-Dir - straight line The zap hits the gnoll.
The gnoll is lightly wounded.
The zap misses the gnoll.
You feel sick.
Casting: Shock (safe; 5% risk of failure)
Confirm with . or Enter, or press ? or * to list all spells.
Aiming: Shock (safe; 5% risk of failure)
Press: ? - help, Shift-Dir - straight line
Okay, then.
You feel sick.
You feel sick.
You are no longer poisoned.
There is a stone staircase leading up here.
You climb upwards.
There is a stone staircase leading down here.
You start resting.
Magic restored.
You climb downwards.
There is a stone staircase leading up here.
The gnoll hits you from afar with a +0 halberd.
The gnoll hits you with a +0 halberd!
You closely miss the gnoll. The gnoll misses you.
You hit the gnoll.
The gnoll is moderately wounded.
The gnoll hits you with a +0 halberd!
* * * LOW HITPOINT WARNING * * *
The gnoll closely misses you. The gnoll attacks as it pursues you!
The gnoll hits you but does no damage.
There is a stone staircase leading up here.
The gnoll hits you from afar with a +0 halberd!
You die...

###########
#.@........
#.#########
##g#######
#.>......#
#..#####.#
#..# #.#
#..# #g#
#..# #.#
#..# #.#


You could see a gnoll.

Vanquished Creatures
  3 adders
  A gnoll (D:1)
  9 ball pythons
  2 bats (D:1)
  6 endoplasms
  2 giant cockroaches (D:2)
  4 goblins
  6 hobgoblins
  3 jackals (D:2)
  3 quokkas (D:2)
  4 frilled lizards
  4 kobolds
  A rat (D:1)
48 creatures vanquished.

Notes
Turn   | Place    | Note
-------+----------+-------------------------------------------
     0 | D:1      | Gergoth the Demigod Air Elementalist began the quest for
                  | the Orb.
     0 | D:1      | Reached XP level 1. HP: 14/14 MP: 5/5
   116 | D:1      | Reached skill level 1 in Conjurations
   338 | D:1      | Reached XP level 2. HP: 20/20 MP: 0/7
  1017 | D:1      | Reached XP level 3. HP: 26/26 MP: 8/8
  1236 | D:1      | Reached skill level 3 in Air Magic
  2369 | D:3      | Reached skill level 1 in Fighting
  2369 | D:3      | Reached XP level 4. HP: 25/35 MP: 5/10
  2424 | D:3      | Mangled by a gnoll

Illustrated notes

Levels and vault maps discovered:
D:1:      heliophobic_arrival_dark_side_of_the_moon, layout_loops_ring,
          minmay_tetromino_o2
D:2:      layout_basic, grunt_ministairs_8
D:3:      layout_loops_ring, chequers_big_river

Skill      XL: |  1  2  3 |
---------------+----------+-----
Conjurations   | 1 |  1.5
Dodging        | 2 |  2.2
Stealth        | 2 |  2.0
Spellcasting   | 2 |  2.2
Air Magic      | 3 |  3.1
Fighting       | 1 |  1.0
Armour         | |  0.9
Shields        | |  0.6

Action                     |  1- 3 |  4- 6 || total
---------------------------+-------+-------++-------
  Melee: Dagger            |    68 |     2 ||    70
         Club              |    13 |       ||    13
         Punch             |     1 |       ||     1
   Cast: Shock             |    73 |     1 ||    74
    Use: Scroll            |     4 |       ||     4
   Stab: Sleeping          |     2 |       ||     2
 Armour: Robe              |    70 |     5 ||    75
  Dodge: Dodged            |    93 |     2 ||    95

Table legend: (Time is in decaauts)
 A = Elapsed time spent in this place.
 B = Non-inter-level travel time spent in this place.
 C = Inter-level travel time spent in this place.
 D = Time resting spent in this place.
 E = Time spent auto-exploring this place.
 F = Levels seen in this place.
 G = Mean time per level.
                   A        B        C        D        E       F      G
               +--------+--------+--------+--------+--------+-----+--------+
         Total |   2428 |   2378 |     50 |    235 |   1642 |   3 |  809.3 |
       Dungeon |   2428 |   2378 |     50 |    235 |   1642 |   3 |  809.3 |
               +--------+--------+--------+--------+--------+-----+--------+

Top non-repeatable levels by time:
     D:1: 1286 daAuts
     D:2: 1095 daAuts
     D:3: 46 daAuts
